 Dungeon Crawl Stone Soup version 0.26-a0-651-gb41185065b (webtiles) character file.

Game seed: 728289680676142688

935 Kuinu the Chopper (level 7, -3/67 HPs)
             Began as a Minotaur Berserker on Oct 23, 2020.
             Was a Priest of Trog.
             Slain by a yak (12 damage)
             ... on level 5 of the Dungeon.
             The game lasted 00:07:40 (3461 turns).

Kuinu the Chopper (Minotaur Berserker)              Turns: 3461, Time: 00:07:41

Health: -3/67      AC:  8    Str: 23    XL:     7   Next: 87%
Magic:  6/6        EV:  8    Int:  4    God:    Trog [***...]
Gold:   112        SH:  7    Dex: 10    Spells: 6/6 levels left

rFire    . . .     SeeInvis .   a - +0 hand axe
rCold    . . .     Faith    .   r - +0 kite shield
rNeg     . . .     Spirit   .   d - +0 ring mail
rPois    .         Reflect  .   (helmet restricted)
rElec    .         Harm     .   v - +0 cloak (curse)
rCorr    .         Rampage  .   e - +0 pair of gloves
MR       .....                  (no boots)
Stlth    ..........             (no amulet)
HPRegen  0.21/turn              (no ring)
MPRegen  0.10/turn              (no ring)

@: berserk cooldown, flying, slowed, very slow
A: retaliatory headbutt, horns 2
a: Berserk, Trog's Hand, Renounce Religion


You were on level 5 of the Dungeon.
You worshipped Trog.
Trog was most pleased with you.
You visited 1 branch of the dungeon, and saw 5 of its levels.

You collected 112 gold pieces.

Inventory:

Hand Weapons
 a - a +0 hand axe (weapon)
Armour
 b - a +0 animal skin
 d - a +0 ring mail (worn)
 e - a +0 pair of gloves (worn)
 r - a +0 kite shield (worn)
 v - a cursed +0 cloak (worn)
Wands
 s - a wand of disintegration (9)
 w - a wand of paralysis (7)
Scrolls
 g - 3 scrolls of remove curse
 i - 4 scrolls of identify
 j - a scroll of blinking {unknown}
 m - 2 scrolls of magic mapping {unknown}
 n - a scroll of amnesia {unknown}
 o - a scroll of random uselessness {unknown}
 q - 4 scrolls of teleportation {unknown}
 t - a scroll of fear {unknown}
Potions
 c - 4 potions of curing {unknown}
 f - a potion of might {unknown}
 h - 5 potions of flight
 k - a potion of degeneration {unknown}
 l - a potion of heal wounds {unknown}
 p - a potion of haste {unknown}
 u - a potion of berserk rage {unknown}


   Skills:
 * Level 7.8 Fighting
 * Level 7.8 Axes
 + Level 5.2 Armour
 - Level 2.1 Dodging


You had 6 spell levels left.
You didn't know any spells.
Your spell library was empty.

Dungeon Overview and Level Annotations

Branches:
Dungeon (5/15)
 Temple: D:4-7

Altars:
Cheibriados
Elyvilon
Gozag
Qazlal
Sif Muna
Uskayaw
The Shining One


Innate Abilities, Weirdness & Mutations

You reflexively headbutt those who attack you in melee.
You have a pair of horns on your head.


Message History

The yak is moderately wounded.
You barely miss the yak. You slash the yak! You hit the yak but do no damage.
The yak barely misses you. The yak gores you!
* * * LOW HITPOINT WARNING * * *
The yak gores you!
* * * LOW HITPOINT WARNING * * *
The yak barely misses you. The yak barely misses you.
You feel a strong urge to attack something.
You feel your anger nearly subside.
You are no longer berserk.
You are exhausted.
You feel yourself slow down.
Okay, then.
It was a potion of flight.
You feel very buoyant.
You fly up into the air.
You block the yak's attack. You block the yak's attack. The yak gores you!
You die...

.....# .....# .. .....#
.....# . ...
###...###.....# ..
....#E#...#E#..... ..
#.....###...###.##.# .#
#..............###.##..##
#........._.Y.Y.....(...#
#........)†.Y.Y.........#
#.....###..@###Y........#
#.....#E#...#E#.........#
#.....###...###.........#
##.........#.##..###....##
#......#'###.##..# ....#
#......#......#... .....#
#......#......#... .....#
#.....†#......#...
#......#.......


You could see an earth elemental, a water elemental, 4 yaks, a fire elemental
and an air elemental.

Vanquished Creatures
  A yak (D:5)
  A sky beast (D:5)
  A phantom (D:4)
  2 ogres
  2 scorpions (D:4)
  Crazy Yiuf (D:4)
  3 orc priests
  2 worker ants (D:4)
  4 gnolls (D:5)
  3 adders (D:2)
  2 oozes (D:2)
  A worm (D:2)
  5 dart slugs
  3 leopard geckos
  12 orcs
  4 giant cockroaches
  11 goblins
  4 hobgoblins (D:1)
  11 jackals
  7 quokkas
  3 ball pythons
  4 bats
  5 frilled lizards
  10 kobolds
  5 rats
107 creatures vanquished.

Notes
Turn   | Place    | Note
-------+----------+-------------------------------------------
     0 | D:1      | Kuinu the Minotaur Berserker began the quest for the Orb.
     0 | D:1      | Reached XP level 1. HP: 19/19 MP: 0/0
    87 | D:1      | Reached XP level 2. HP: 27/27 MP: 1/1
   379 | D:1      | Reached XP level 3. HP: 27/33 MP: 2/2
   415 | D:1      | Reached ** piety under Trog
   880 | D:2      | Found an opulent altar of Gozag.
   998 | D:2      | Reached XP level 4. HP: 36/41 MP: 3/3
  1218 | D:2      | Reached skill level 5 in Fighting
  1490 | D:3      | Reached skill level 5 in Axes
  1585 | D:3      | Found a glowing golden altar of the Shining One.
  1590 | D:3      | Found a shimmering blue altar of Sif Muna.
  1594 | D:3      | Found a hide-covered altar of Uskayaw.
  1641 | D:3      | Found a snail-covered altar of Cheibriados.
  1645 | D:3      | Found a white marble altar of Elyvilon.
  1946 | D:3      | Found a snail-covered altar of Cheibriados.
  2089 | D:4      | Reached *** piety under Trog
  2089 | D:4      | Reached XP level 5. HP: 42/48 MP: 4/4
  2109 | D:4      | Noticed a phantom
  2111 | D:4      | Noticed an ogre
  2120 | D:4      | Killed an ogre
  2120 | D:4      | Reached XP level 6. HP: 57/57 MP: 5/5
  2380 | D:4      | Found a runed translucent door.
  2381 | D:4      | Noticed Crazy Yiuf
  2389 | D:4      | Killed Crazy Yiuf
  2617 | D:4      | Found a shimmering blue altar of Sif Muna.
  2726 | D:5      | Entered Level 5 of the Dungeon
  2737 | D:5      | Reached XP level 7. HP: 49/64 MP: 6/6
  3386 | D:5      | Found a stormy altar of Qazlal.
  3387 | D:5      | Noticed an air elemental
  3387 | D:5      | Noticed a fire elemental
  3387 | D:5      | Noticed a water elemental
  3395 | D:5      | Reached skill level 5 in Armour
  3434 | D:5      | Noticed a yak
  3437 | D:5      | Noticed a yak
  3437 | D:5      | Noticed a yak
  3437 | D:5      | Noticed a yak
  3438 | D:5      | Noticed a yak
  3440 | D:5      | Noticed a yak
  3442 | D:5      | Killed a yak
  3461 | D:5      | Slain by a yak

Illustrated notes

Levels and vault maps discovered:
D:1:      onia_arrival_mini_spirals, layout_rooms, minmay_pentomino_q4
D:2:      layout_rooms, nicolae_gozag_cash_rules_everything_around_me
D:3:      layout_basic, lemuel_crystal_altar, lemuel_crystal_altar, minitemple,
          kennysheep_slug_shrine
D:4:      layout_rooms, tgw_sif, uniq_crazy_yiuf_cottage
D:5:      layout_gridville, nicolae_qazlal_style_of_elements, xom_teletrap_fun

Skill      XL: |  1  2  3  4  5  6  7 |
---------------+----------------------+-----
Axes           | 4 5 6 7 |  7.8
Fighting       | 4 5 6 7 |  7.8
Armour         | 3 4 5 |  5.2
Dodging        | |  2.1

Action                   |  1- 3 |  4- 6 |  7- 9 || total
-------------------------+-------+-------+-------++-------
Melee: Hand axe          |    83 |   105 |    73 ||   261
       Headbutt          |    10 |    16 |    12 ||    38
Invok: Berserk           |     1 |     2 |     2 ||     5
  Use: Scroll            |     1 |       |       ||     1
       Potion            |       |       |     1 ||     1
Armor: Ring mail         |    45 |    41 |    22 ||   108
Dodge: Dodged            |    58 |    41 |    23 ||   122
Block: Kite shield       |       |    32 |    16 ||    48

Table legend: (Time is in decaauts)
 A = Elapsed time spent in this place.
 B = Non-inter-level travel time spent in this place.
 C = Inter-level travel time spent in this place.
 D = Time resting spent in this place.
 E = Time spent auto-exploring this place.
 F = Levels seen in this place.
 G = Mean time per level.
                   A        B        C        D        E       F      G
               +--------+--------+--------+--------+--------+-----+--------+
         Total |   3518 |   3441 |     77 |      0 |   2832 |   5 |  703.6 |
       Dungeon |   3518 |   3441 |     77 |      0 |   2832 |   5 |  703.6 |
               +--------+--------+--------+--------+--------+-----+--------+

Top non-repeatable levels by time:
     D:5: 745 daAuts
     D:3: 730 daAuts
     D:1: 725 daAuts
     D:4: 665 daAuts
     D:2: 652 daAuts
